AoeStats
← umut.hsn

Arena

510057447Analyzed
4v4 RM · 4d ago on Sep 29, 2026· 16m 29s· 8 players
Game mode
Random Map
Map size
Large (8 player)
Population
200
Speed
Normal
Resources
Standard
Victory
Conquest
Starting age
Dark Age
Ending age
Imperial Age
RankedLock teamsTeams togetherTeam positionsShared explorationLock speedFull tech treeHidden civsTurbo modeCheats
Victory
Defeat
🇨🇳 Mongols · China
758
+10
🇬🇧 Ethiopians · United Kingdom
748
+11
🇹🇷 Saracens · Türkiye
735
+11
🇬🇷 Teutons · Greece
680
+14
730
-15
🇬🇧 Byzantines · United Kingdom
665
-13
🇰🇿 Slavs · Kazakhstan
605
-12
509
-7
A7NationAshyCouldn'tHoldMeBack
0:43 Loom
12:51 Feudal Age
11:17 Double-Bit Axe
11:14 Horse Collar
15:43 Heavy Plow
15:57 Bow Saw
make wall ,door and market well?
cassadorr
11:27 Feudal Age
16:39 Castle Age
athmaniac
3:13 Loom
RIOTxSNIPEx2628
4:03 Loom
13:22 Feudal Age
14:19 Stone Mining
15:04 Double-Bit Axe
15:17 Gold Mining
15:14 Horse Collar
18:37 Castle Age
Elentin
12:36 Feudal Age
13:48 Double-Bit Axe
14:14 Horse Collar
16:58 Castle Age
umut.hsn
11:02 Feudal Age
16:00 Castle Age
16:09 Double-Bit Axe
16:16 Gold Mining
16:13 Horse Collar
OTZ==3
1:12 Loom
10:43 Feudal Age
15:27 Castle Age
13:23 Double-Bit Axe
15:32 Horse Collar
Connection lost

Rejoining the realm…

Still unreachable

The connection could not be restored.

Session expired

The server has moved on; the page needs a fresh start.